 Dungeon Crawl Stone Soup version 0.15.2 (webtiles) character file.

260 Shadowblade the Sneak (level 6, 0/69 HPs)
             Began as a Human Assassin on Dec 1, 2014.
             Slain by a five-headed hydra zombie (2 damage)
             ... on Level 3 of the Dungeon.
             The game lasted 00:23:57 (1754 turns).

Shadowblade the Sneak (Human Assassin)              Turns: 1754, Time: 00:23:57

HP   0/69        AC  8     Str 16      XL: 6   Next: 41%
MP   6/6         EV  8     Int 15      God:
Gold 82          SH  0     Dex 15      Spells:  0 memorised,  5 levels left

rFire  . . .     SeeInvis .     a - +3 dagger
rCold  . . .     Clarity  .     c - +0 scale mail (curse)
rNeg   + + .     rCorr    .     (no shield)
rPois  .         rRot     .     (no helmet)
rElec  .         Spirit   .     d - +0 cloak
SustAb .         Warding  +     m - +0 pair of gloves
rMut   .         Stasis   .     (no boots)
Gourm  .                        i - amulet of warding
MR     .....                    x - ring of positive energy
                                o - +2 ring of intelligence

@: berserking, very quick, not resistant to hostile enchantments, extremely
unstealthy
A: no striking features
a: no special abilities


You were on level 3 of the Dungeon.
You were very full.

You visited 1 branch of the dungeon, and saw 3 of its levels.

You collected 82 gold pieces.

Inventory:

Hand weapons
 a - a +3 dagger (weapon)
 b - a +0 blowgun
Missiles
 v - a poisoned needle
Armour
 c - a cursed +0 scale mail (worn)
 d - a +0 cloak (worn)
 e - a +0 chain mail
 f - a +1 robe
 m - a +0 pair of gloves (worn)
 q - a cursed +0 leather armour
 s - a +2 robe of magic resistance
 t - a +0 ring mail
Comestibles
 g - 2 bread rations
Scrolls
 h - a scroll of amnesia
 w - a scroll of recharging
Jewellery
 i - an amulet of warding (around neck)
 j - an uncursed ring of teleportation
 o - a +2 ring of intelligence (left hand)
 x - a ring of positive energy (right hand)
Potions
 k - 2 potions of curing
 l - 3 potions of brilliance
 n - a potion of might {unknown}
 z - a potion of invisibility {unknown}


   Skills:
 + Level 2.4 Fighting
 + Level 2.6 Short Blades
 + Level 3.6 Throwing
 + Level 1.2 Armour
 + Level 2.4 Dodging
 + Level 5.4 Stealth


You had 5 spell levels left.
You didn't know any spells.

Dungeon Overview and Level Annotations

Branches:
Dungeon (3/15)

Altars:


Message History

The five-headed hydra zombie bites you. x2
The five-headed hydra zombie barely misses you.
The five-headed hydra zombie bites you!
The five-headed hydra zombie barely misses you.
You hit the five-headed hydra zombie.
You puncture the five-headed hydra zombie!
The five-headed hydra zombie bites you but does no damage. x3
The five-headed hydra zombie bites you!
The five-headed hydra zombie bites you but does no damage.
You hit the five-headed hydra zombie. You slash the five-headed hydra zombie!
You hit the five-headed hydra zombie. The five-headed hydra zombie bites you.
The five-headed hydra zombie bites you!
* * * LOW HITPOINT WARNING * * *
The five-headed hydra zombie bites you!
* * * LOW HITPOINT WARNING * * *
The five-headed hydra zombie bites you.
* * * LOW HITPOINT WARNING * * *
The five-headed hydra zombie bites you.
You die...

##.####.###......<#
.......##.# ##.###.##
#..(#.#..#.####.###+##
....(#.##%.............
........................
#....(.##..............
#.....(................
#.....Z.............[..
#.%...@................
#.#######..............
#..............
#..............
#....###.##### #....#
#.# #..... #.# #.....#
#......


You could see a five-headed hydra zombie.

Vanquished Creatures
  Sigmund (D:2)
  An orc wizard (D:3)
  Jessica (D:2)
  Natasha (twice) (D:3)
  6 adders
  A worm (D:2)
  A giant gecko (D:1)
  4 orcs (D:3)
  10 bats
  2 giant cockroaches
  7 hobgoblins
  3 giant newts
  5 goblins
  3 jackals (D:3)
  3 kobolds
  A quokka (D:3)
  6 rats
57 creatures vanquished.

Vanquished Creatures (others)
  Natasha (D:3)
  A rat (D:1)
2 creatures vanquished.

Grand Total: 59 creatures vanquished

Notes
Turn   | Place    | Note
--------------------------------------------------------------
     0 | D:1      | Shadowblade, the Human Assassin, began the quest for the Orb.
     0 | D:1      | Reached XP level 1. HP: 16/16 MP: 1/1
   276 | D:1      | Reached XP level 2. HP: 22/22 MP: 2/2
   603 | D:1      | Reached XP level 3. HP: 27/27 MP: 3/3
   667 | D:2      | Noticed Sigmund
   682 | D:2      | Killed Sigmund
   682 | D:2      | Reached skill level 5 in Stealth
   682 | D:2      | Reached XP level 4. HP: 23/34 MP: 4/4
   682 | D:2      | Reached XP level 5. HP: 26/39 MP: 5/5
  1056 | D:2      | Noticed Jessica
  1063 | D:2      | Killed Jessica
  1194 | D:3      | Noticed Natasha
  1209 | D:3      | Killed Natasha
  1403 | D:3      | Reached XP level 6. HP: 35/46 MP: 6/6
  1446 | D:3      | Noticed Natasha
  1480 | D:3      | Killed Natasha
  1511 | D:3      | Noticed Natasha
  1523 | D:3      | Killed Natasha
  1629 | D:3      | Reached skill level 1 in Armour
  1740 | D:3      | Noticed a five-headed hydra zombie
  1754 | D:3      | HP: 2/69 [five-headed hydra zombie (4)]
  1754 | D:3      | Slain by a five-headed hydra zombie

Action                   |  1- 3 |  4- 6 || total
-------------------------+-------+-------++-------
Melee: Dagger            |    36 |    94 ||   130
       Unarmed           |       |     1 ||     1
 Fire: Blowgun           |    20 |    23 ||    43
Throw: Tomahawk          |       |    37 ||    37
  Use: Scroll            |     5 |     3 ||     8
       Potion            |       |     1 ||     1
 Stab: Sleeping          |     3 |     5 ||     8
  Eat: Fruit             |       |     5 ||     5
       Meat ration       |       |     1 ||     1
